cohdb
Replays
Latest Replays
All Replays
Popular Replays
Top Player Replays
Match Explorer
How It Works
Community
CoH3 Stats
Reddit
Sign in to upload your games and track your stats! →
Sign in with Steam
Match 39741401
Unlisted
Match 39741401
Overview
Messages
Build Orders
End
Kettenkrad Recon Vehicle
Construct Infanterie Kompanie
Selects Mechanized Battlegroup
MG 42 Machine Gun Team
Grenadier Squad
Grenadier Squad
MG 42 Machine Gun Team
Medical Station
Construct Panzergrenadier Kompanie
GrW 34 Mortar Team
Support Elements
Nebelwerfer 42 Rocket Launcher Team
Selects Raid Package
Panzergrenadier Squad
Pak 40 Anti-tank Gun Team
Pak 40 Anti-tank Gun Team
Selects StuG Assault Group
Selects StuG Assault Group
StuG Assault Group
Construct Panzer Kompanie
Sturmpanzer IV Brummbär
Carnifex Regis
Ghiron(cz)
Reaver
alans
Horatio
Me4
Rob
vonAJ
0
0
Comments
sign in to comment!
No comments posted yet!